 Dungeon Crawl Stone Soup version 0.16-a0-2710-g8b41a68 (webtiles) character file.

109 Johnny the Gusty (level 4, 0/35 HPs)
             Began as a Demigod Air Elementalist on Nov 26, 2014.
             Killed by divine providence
             ... invoked by an orc priest
              (11 damage)
             ... on level 3 of the Dungeon.
             The game lasted 00:05:30 (2882 turns).

Johnny the Gusty (Demigod Air Elementalist)         Turns: 2882, Time: 00:05:30

Health: 0/35       AC:  4    Str: 11    XL:     4   Next: 34%
Magic:  8/10       EV: 11    Int: 19    God:
Gold:   155        SH:  0    Dex: 18    Spells: 2 memorised, 3 levels left

rFire  . . .     SeeInvis .     f - +0 spear
rCold  . . .     Clarity  .     A - +0 leather armour
rNeg   . . .     SustAb   +     (no shield)
rPois  .         Gourm    .     (no helmet)
rElec  .         Spirit   .     r - +0 cloak
rCorr  +         Warding  .     (no gloves)
rMut   .         Stasis   .     (no boots)
MR     .....                    a - amulet of resist corrosion
Stlth  ++........               (no ring)
                                (no ring)

@: not resistant to hostile enchantments, unstealthy
A: sustain abilities
a: no special abilities


You were on level 3 of the Dungeon.
You were not hungry.

You visited 1 branch of the dungeon, and saw 3 of its levels.

You collected 155 gold pieces.

Inventory:

Hand weapons
 f - a +0 spear (weapon)
 h - a +0 dagger of draining
Armour
 r - a +0 cloak (worn)
 A - a +0 leather armour (worn)
Jewellery
 a - an amulet of resist corrosion (around neck)
Scrolls
 d - 2 scrolls of remove curse {unknown}
 g - a scroll of blinking {unknown}
 j - a scroll of identify {unknown}
 m - 5 scrolls of recharging
 n - 2 scrolls of immolation {unknown}
 p - 3 scrolls of fog {unknown}
 s - a scroll of enchant weapon {unknown}
 u - a scroll of teleportation {unknown}
 w - a scroll of magic mapping {unknown}
 y - a scroll of random uselessness {unknown}
Potions
 e - a potion of confusion {unknown}
 i - a potion of resistance {unknown}
 k - 2 potions of restore abilities {unknown}
 l - a potion of lignification {unknown}
 o - a potion of brilliance {unknown}
 q - a potion of curing {unknown}
 t - a potion of heal wounds {unknown}
 z - a potion of mutation {unknown}
Books
 b - a book of Air

   Spells                             Type                      Level
   *Shock                             Conjuration/Air              1
   Swiftness                          Charms/Air                   2
   Repel Missiles                     Charms/Air                   2
   Flight                             Charms/Air                   3
   *Static Discharge                  Conjuration/Air              3
   Lightning Bolt                     Conjuration/Air              5
Comestibles
 c - 2 bread rations
 v - 2 meat rations
 x - a slice of pizza


   Skills:
 + Level 1.0 Fighting
 + Level 0.6 Polearms
 + Level 1.0 Armour
 + Level 2.0 Dodging
 + Level 2.2 Stealth
 + Level 2.0 Spellcasting
 * Level 2.0 Conjurations
 * Level 3.3 Air Magic


You had 3 spell levels left.
You knew the following spells:

 Your Spells              Type           Power        Failure   Level  Hunger
a - Shock                 Conj/Air       ##..         8%          1    #......
b - Static Discharge      Conj/Air       ##......     17%         3    ###....


Dungeon Overview and Level Annotations

Branches:
Dungeon (3/15)


Innate Abilities, Weirdness & Mutations

Your attributes are resistant to harm.


Message History

The orc is heavily wounded.
The zap hits the orc priest.
The orc priest appears unharmed.
The zap hits the orc.
The orc is moderately wounded.
The orc hits you with a mace.
* * * LOW HITPOINT WARNING * * *
Casting: Shock
Confirm with . or Enter, or press ? or * to list all spells.
Aiming: Shock
Press: ? - help, Shift-Dir - straight line, f - orc priest, p - orc
Aim: an orc priest, wearing a ring mail The zap hits the orc.
The orc is almost dead.
The zap hits the orc priest.
The orc priest is lightly wounded.
The zap hits the orc priest.
The orc priest is moderately wounded.
The orc priest mumbles some strange prayers to Beogh against you.
Something smites you!
You die...

#...####### #...# #...#
#...# ####...###### #
............#### #.#.
...............# .....
...........)##.###.......
####...#######..@ooo..#
#...# #..##o#### #...#
#... .. #...# #...# .#
#...# #...# # . . #....
...... ##..#. #..


You could see an orc priest and 3 orcs.

Vanquished Creatures
  A gnoll (D:2)
  An adder (D:2)
  A giant mite (D:1)
  3 worms (D:2)
  7 bats
  4 giant cockroaches
  3 hobgoblins (D:1)
  7 jackals (D:2)
  A quokka (D:2)
  3 ball pythons (D:1)
  5 giant newts
  10 goblins
  8 kobolds
  7 rats
61 creatures vanquished.

Notes
Turn   | Place    | Note
--------------------------------------------------------------
     0 | D:1      | Johnny, the Demigod Air Elementalist, began the quest for the Orb.
     0 | D:1      | Reached XP level 1. HP: 14/14 MP: 3/3
    46 | D:1      | Reached skill level 1 in Conjurations
   152 | D:1      | Reached XP level 2. HP: 15/20 MP: 1/4
   519 | D:1      | Reached skill level 3 in Air Magic
   737 | D:1      | Reached XP level 3. HP: 26/26 MP: 7/7
  1141 | D:2      | Learned a level 3 spell: Static Discharge
  1331 | D:2      | Reached skill level 1 in Armour
  1795 | D:2      | Reached XP level 4. HP: 17/34 MP: 1/9
  2225 | D:2      | Reached skill level 1 in Fighting
  2787 | D:3      | Found a radiant altar of Vehumet.
  2790 | D:3      | Found a stormy altar of Qazlal.
  2793 | D:3      | Found a shadowy altar of Dithmenos.
  2808 | D:3      | Found a glowing silver altar of Zin.
  2882 | D:3      | Killed from afar by an orc priest

Action                   |  1- 3 |  4- 6 || total
-------------------------+-------+-------++-------
Melee: Spear             |   129 |    56 ||   185
       Unarmed           |     4 |       ||     4
 Cast: Shock             |    38 |     5 ||    43
       Static Discharge  |     3 |     3 ||     6
  Use: Scroll            |       |     1 ||     1
 Stab: Sleeping          |     6 |     2 ||     8
  Eat: Chunk             |     4 |     4 ||     8
